[ AOE2 MATCH · #495341603 ]
UnrankedCelts vs Franks
Player's team · LOSS
Rival team · WIN
[ REPLAY ANALYSIS · EXTRACTED FROM THE RECORDED GAME ]
Feudal
9:04
Castle
21:52
Imperial
—
| APM avg | 58.1 |
| APM peak | 89 |
| eAPM avg | 22.8 |
| Villagers / military | 59 / 38 |
Focus
⚔️ 40.4% · 🌾 59.6%
Archer ×28 · Spearman ×5 · Militia ×3 · Mangonel ×2
Feudal
10:59
Castle
15:54
Imperial
—
| APM avg | 64.6 |
| APM peak | 98 |
| eAPM avg | 23.5 |
| Villagers / military | 72 / 23 |
Focus
⚔️ 31.8% · 🌾 68.2%
Knight ×13 · Monk ×4 · Scorpion ×4 · Mangonel ×1 · Battering Ram ×1
Match map
Initial resources + every placement click. Lines = walls · curves = elevation contours. ◆ gold · ⬟ stone · ● berries · ✦ relic · ◌ wall gap
Your base· ✓ Closed at 21:52 · 56t walls · no gate
eduv's base· Open — opponent sealed themselves in
Smoothed initial terrain · ◌ = detected wall gap · hover for details
Inputs per minute
— aDT_Flempopo - - eduv
Build order — aDT_Flempopo
First 150 of 170 actions detected
| 0:00 | Create | Villager (Male) |
| 0:01 | Create | Villager (Male) |
| 0:01 | Create | Villager (Male) |
| 0:02 | Build | House |
| 0:03 | Build | House |
| 0:05 | Create | Villager (Male) |
| 1:24 | Create | Villager (Male) |
| 1:54 | Build | Lumber Camp |
| 1:58 | Create | Villager (Male) |
| 1:58 | Create | Villager (Male) |
| 2:15 | Create | Villager (Male) |
| 2:15 | Create | Villager (Male) |
| 2:45 | Create | Villager (Male) |
| 2:45 | Create | Villager (Male) |
| 3:01 | Create | Villager (Male) |
| 3:36 | Create | Villager (Male) |
| 3:36 | Create | Villager (Male) |
| 3:50 | Build | House |
| 4:00 | Create | Villager (Male) |
| 4:27 | Create | Villager (Male) |
| 4:50 | Create | Villager (Male) |
| 4:53 | Create | Villager (Male) |
| 5:11 | Build | Barracks |
| 5:17 | Create | Villager (Male) |
| 5:55 | Research | Loom |
| 6:01 | Build | House |
| 6:30 | Build | Palisade Wall |
| 6:54 | Research | Feudal Age |
| 7:01 | Build | Palisade Wall |
| 7:16 | Build | Mining Camp |
| 7:29 | Create | Militia |
| 7:53 | Create | Militia |
| 8:05 | Create | Militia |
| 8:18 | Build | House |
| 8:22 | Build | Palisade Wall |
| 8:28 | Create | Villager (Male) |
| 8:42 | Build | Mill |
| 9:01 | Build | Palisade Wall |
| 9:04 | Age | Feudal Age |
| 9:07 | Build | Farm |
| 9:09 | Build | Farm |
| 9:25 | Research | Man-at-Arms (upgrade) |
| 9:37 | Build | Farm |
| 9:54 | Create | Villager (Male) |
| 9:54 | Create | Villager (Male) |
| 10:01 | Build | Archery Range |
| 10:21 | Create | Villager (Male) |
| 10:21 | Create | Villager (Male) |
| 10:36 | Build | Farm |
| 10:50 | Create | Villager (Male) |
| 10:53 | Build | Farm |
| 10:57 | Create | Archer |
| 10:59 | Create | Villager (Male) |
| 11:15 | Create | Spearman |
| 11:15 | Create | Spearman |
| 11:25 | Build | Palisade Wall |
| 11:28 | Build | House |
| 11:30 | Build | Palisade Wall |
| 11:33 | Create | Archer |
| 11:36 | Create | Villager (Male) |
| 11:36 | Create | Villager (Male) |
| 11:43 | Build | House |
| 11:49 | Build | House |
| 12:07 | Create | Archer |
| 12:08 | Create | Villager (Male) |
| 12:21 | Build | Palisade Wall |
| 12:27 | Research | Double-Bit Axe |
| 12:35 | Create | Archer |
| 12:41 | Create | Villager (Male) |
| 12:46 | Build | Farm |
| 13:01 | Create | Villager (Male) |
| 13:03 | Create | Archer |
| 13:23 | Build | House |
| 13:24 | Build | House |
| 13:29 | Create | Spearman |
| 13:39 | Build | House |
| 13:40 | Create | Villager (Male) |
| 13:42 | Create | Archer |
| 14:07 | Create | Villager (Male) |
| 14:15 | Create | Archer |
| 14:16 | Create | Villager (Male) |
| 14:38 | Build | House |
| 14:40 | Build | Blacksmith |
| 14:41 | Build | Palisade Wall |
| 14:45 | Build | Farm |
| 14:48 | Build | Farm |
| 14:53 | Build | Farm |
| 14:53 | Build | Farm |
| 14:56 | Create | Villager (Male) |
| 15:05 | Build | House |
| 15:06 | Build | Palisade Wall |
| 15:09 | Build | Palisade Wall |
| 15:11 | Build | Palisade Wall |
| 15:12 | Create | Spearman |
| 15:14 | Create | Villager (Male) |
| 15:24 | Research | Fletching |
| 15:34 | Build | Farm |
| 15:51 | Create | Villager (Male) |
| 15:52 | Create | Villager (Male) |
| 15:59 | Create | Archer |
| 16:29 | Create | Villager (Male) |
| 16:37 | Build | Farm |
| 16:38 | Build | Farm |
| 16:55 | Build | Farm |
| 17:00 | Create | Villager (Male) |
| 17:25 | Create | Villager (Male) |
| 17:29 | Build | Farm |
| 17:29 | Build | Farm |
| 17:56 | Create | Villager (Male) |
| 18:00 | Build | Market |
| 18:22 | Create | Villager (Male) |
| 18:42 | Create | Archer |
| 18:47 | Create | Villager (Male) |
| 18:59 | Research | Castle Age |
| 19:06 | Build | Archery Range |
| 19:19 | Build | Farm |
| 19:23 | Create | Archer |
| 19:47 | Research | Padded Archer Armor |
| 19:48 | Create | Archer |
| 19:58 | Research | Horse Collar |
| 20:01 | Build | Farm |
| 20:05 | Create | Villager (Male) |
| 20:08 | Create | Archer |
| 20:26 | Create | Archer |
| 20:29 | Create | Villager (Male) |
| 20:36 | Create | Archer |
| 20:51 | Create | Archer |
| 20:52 | Create | Villager (Male) |
| 21:05 | Create | Archer |
| 21:10 | Create | Spearman |
| 21:17 | Build | House |
| 21:19 | Build | House |
| 21:24 | Create | Archer |
| 21:25 | Create | Villager (Male) |
| 21:29 | Build | House |
| 21:43 | Create | Archer |
| 21:52 | Age | Castle Age |
| 21:57 | Build | Siege Workshop |
| 22:00 | Research | Bodkin Arrow |
| 22:11 | Research | Crossbowman (upgrade) |
| 22:14 | Build | House |
| 22:16 | Build | House |
| 22:19 | Build | House |
| 22:21 | Build | House |
| 22:24 | Build | Palisade Wall |
| 22:31 | Create | Villager (Male) |
| 22:49 | Create | Mangonel |
| 22:51 | Create | Archer |
| 22:51 | Create | Archer |
| 23:06 | Create | Villager (Male) |
Build order — eduv
149 actions detected in the replay
| 0:02 | Create | Villager (Male) |
| 0:02 | Create | Villager (Male) |
| 0:04 | Build | House |
| 0:06 | Build | House |
| 0:11 | Create | Villager (Male) |
| 0:11 | Create | Villager (Male) |
| 0:11 | Create | Villager (Male) |
| 1:29 | Create | Villager (Male) |
| 1:30 | Create | Villager (Male) |
| 2:02 | Create | Villager (Male) |
| 2:02 | Create | Villager (Male) |
| 2:17 | Build | Mill |
| 2:17 | Create | Villager (Male) |
| 2:17 | Create | Villager (Male) |
| 2:53 | Create | Villager (Male) |
| 2:53 | Create | Villager (Male) |
| 3:18 | Create | Villager (Male) |
| 3:18 | Create | Villager (Male) |
| 3:18 | Create | Villager (Male) |
| 3:40 | Create | Villager (Male) |
| 3:41 | Create | Villager (Male) |
| 3:50 | Create | Villager (Male) |
| 3:50 | Create | Villager (Male) |
| 4:02 | Build | Palisade Wall |
| 4:03 | Build | House |
| 4:05 | Build | House |
| 4:12 | Create | Villager (Male) |
| 4:13 | Create | Villager (Male) |
| 4:13 | Create | Villager (Male) |
| 4:29 | Build | House |
| 4:32 | Create | Villager (Male) |
| 4:32 | Create | Villager (Male) |
| 4:32 | Create | Villager (Male) |
| 4:49 | Create | Villager (Male) |
| 4:49 | Create | Villager (Male) |
| 5:03 | Create | Villager (Male) |
| 5:03 | Create | Villager (Male) |
| 5:12 | Create | Villager (Male) |
| 5:12 | Create | Villager (Male) |
| 5:12 | Create | Villager (Male) |
| 5:25 | Create | Villager (Male) |
| 5:26 | Create | Villager (Male) |
| 5:26 | Create | Villager (Male) |
| 5:39 | Create | Villager (Male) |
| 5:40 | Create | Villager (Male) |
| 5:55 | Create | Villager (Male) |
| 5:56 | Create | Villager (Male) |
| 6:01 | Create | Villager (Male) |
| 6:01 | Create | Villager (Male) |
| 6:01 | Create | Villager (Male) |
| 6:25 | Create | Villager (Male) |
| 6:26 | Create | Villager (Male) |
| 6:35 | Create | Villager (Male) |
| 6:35 | Create | Villager (Male) |
| 6:43 | Create | Villager (Male) |
| 6:43 | Create | Villager (Male) |
| 7:05 | Create | Villager (Male) |
| 7:05 | Create | Villager (Male) |
| 7:16 | Build | Lumber Camp |
| 7:24 | Create | Villager (Male) |
| 7:24 | Create | Villager (Male) |
| 7:24 | Create | Villager (Male) |
| 7:37 | Create | Villager (Male) |
| 7:38 | Create | Villager (Male) |
| 7:40 | Build | Palisade Wall |
| 8:14 | Create | Villager (Male) |
| 8:14 | Create | Villager (Male) |
| 8:18 | Build | House |
| 8:23 | Build | House |
| 8:49 | Research | Feudal Age |
| 8:49 | Research | Feudal Age |
| 9:16 | Build | House |
| 9:19 | Build | Palisade Wall |
| 9:41 | Build | House |
| 10:18 | Build | Palisade Wall |
| 10:35 | Build | House |
| 10:37 | Build | Palisade Wall |
| 10:41 | Build | Palisade Wall |
| 10:44 | Build | Palisade Wall |
| 10:46 | Build | Palisade Wall |
| 10:47 | Build | Palisade Wall |
| 10:59 | Age | Feudal Age |
| 11:02 | Create | Villager (Male) |
| 11:32 | Research | Loom |
| 11:32 | Research | Loom |
| 11:32 | Research | Loom |
| 11:50 | Build | Market |
| 11:58 | Create | Villager (Male) |
| 12:03 | Build | Blacksmith |
| 12:32 | Build | Mining Camp |
| 12:42 | Build | Palisade Wall |
| 12:45 | Build | Palisade Gate |
| 13:14 | Research | Castle Age |
| 13:14 | Research | Castle Age |
| 13:27 | Create | Villager (Male) |
| 13:33 | Research | Scale Barding Armor |
| 13:33 | Research | Scale Barding Armor |
| 13:55 | Build | Barracks |
| 13:57 | Create | Villager (Male) |
| 14:06 | Create | Villager (Male) |
| 14:16 | Build | Barracks |
| 14:45 | Build | Stable |
| 14:50 | Build | House |
| 15:38 | Build | Lumber Camp |
| 15:54 | Age | Castle Age |
| 15:57 | Create | Knight |
| 15:58 | Create | Knight |
| 16:54 | Create | Knight |
| 16:54 | Create | Knight |
| 17:33 | Build | Farm |
| 17:33 | Build | Farm |
| 17:34 | Build | Farm |
| 17:34 | Build | Farm |
| 17:34 | Build | Farm |
| 17:34 | Build | Farm |
| 17:35 | Build | Farm |
| 18:18 | Build | Farm |
| 18:37 | Build | Monastery |
| 18:47 | Create | Knight |
| 18:47 | Create | Knight |
| 19:37 | Create | Knight |
| 19:38 | Create | Knight |
| 19:49 | Build | Siege Workshop |
| 19:55 | Create | Villager (Male) |
| 19:55 | Create | Villager (Male) |
| 20:10 | Create | Monk |
| 20:10 | Create | Monk |
| 20:10 | Create | Monk |
| 20:21 | Create | Villager (Male) |
| 20:22 | Create | Villager (Male) |
| 20:38 | Create | Scorpion |
| 20:38 | Create | Scorpion |
| 21:01 | Create | Villager (Male) |
| 21:01 | Create | Villager (Male) |
| 21:44 | Create | Battering Ram |
| 22:20 | Create | Monk |
| 22:38 | Create | Villager (Male) |
| 22:41 | Create | Knight |
| 23:30 | Create | Scorpion |
| 23:50 | Create | Mangonel |
| 24:30 | Create | Knight |
| 24:30 | Create | Knight |
| 24:30 | Create | Scorpion |
| 24:50 | Create | Villager (Male) |
| 24:52 | Create | Knight |
| 24:52 | Create | Knight |
| 26:02 | Create | Villager (Male) |
| 26:04 | Build | Farm |
| 26:05 | Build | Farm |
Match timeline
| 4:02 | eduv · wall_segment Palisade Wall x8 |
| 5:11 | aDT_Flempopo · first_building Barracks |
| 6:30 | aDT_Flempopo · wall_segment Palisade Wall x1 |
| 7:01 | aDT_Flempopo · wall_segment Palisade Wall x6 |
| 7:40 | eduv · wall_segment Palisade Wall x1 |
| 8:22 | aDT_Flempopo · wall_segment Palisade Wall x3 |
| 9:01 | aDT_Flempopo · wall_segment Palisade Wall x14 |
| 9:04 | aDT_Flempopo · age_up feudal |
| 9:19 | eduv · wall_segment Palisade Wall x4 |
| 10:01 | aDT_Flempopo · first_building Archery Range |
| 10:18 | eduv · wall_segment Palisade Wall x1 |
| 10:37 | eduv · wall_segment Palisade Wall x1 |
| 10:41 | eduv · wall_segment Palisade Wall x1 |
| 10:44 | eduv · wall_segment Palisade Wall x1 |
| 10:46 | eduv · wall_segment Palisade Wall x1 |
| 10:47 | eduv · wall_segment Palisade Wall x1 |
| 10:59 | eduv · age_up feudal |
| 11:25 | aDT_Flempopo · wall_segment Palisade Wall x1 |
| 11:30 | aDT_Flempopo · wall_segment Palisade Wall x7 |
| 12:21 | aDT_Flempopo · wall_segment Palisade Wall x8 |
| 12:37 | eduv · first_market_sell 100 stone |
| 12:42 | eduv · wall_segment Palisade Wall x1 |
| 13:55 | eduv · first_building Barracks |
| 14:41 | aDT_Flempopo · wall_segment Palisade Wall x1 |
| 14:45 | eduv · first_building Stable |
| 15:06 | aDT_Flempopo · wall_segment Palisade Wall x5 |
| 15:09 | aDT_Flempopo · wall_segment Palisade Wall x4 |
| 15:11 | aDT_Flempopo · wall_segment Palisade Wall x6 |
| 15:54 | eduv · age_up castle |
| 18:37 | eduv · first_building Monastery |
| 18:58 | aDT_Flempopo · first_market_buy 100 food |
| 19:49 | eduv · first_building Siege Workshop |
| 21:50 | aDT_Flempopo · first_market_sell 100 food |
| 21:52 | aDT_Flempopo · age_up castle |
| 21:57 | aDT_Flempopo · first_building Siege Workshop |
| 22:24 | aDT_Flempopo · wall_segment Palisade Wall x1 |
| 26:19 | aDT_Flempopo · resign |
[ AI ANALYSIS · 1 CREDIT ]
What really happened in this match?
Wolo.gg analyzes every decision: build order, eco, micro, common mistakes by bracket. Personalized analysis on WhatsApp or Discord in 30 seconds.
Civ guide
Celts
Perfil
aDT_Flempopo